 Dungeon Sprint DCSS version 0.29.1-2-gbd0b4ee654 (webtiles) character file.

Game seed: 5988976094079972066

2900000 Ashen the Intangible (level 22, -9/194 HPs)
             Began as a Djinni Warper on Oct 25, 2022.
             Was the Champion of Makhleb.
             Mangled by a large bag of meat
             ... wielding a +9 giant spiked club
              (90 damage)
             ... in the Dungeon (Sprint VIII: "Arena of Blood").
             The game lasted 00:03:29 (29 turns).

Ashen the Intangible (Djinni Warper)                  Turns: 29, Time: 00:03:30

Health: -9/194     AC:  6    Str: 10    XL:     22   Next: 75%
Gold:   0          EV: 27    Int: 23    God:    Makhleb [******] SH:  0 Dex: 16

rFire   + + .      SeeInvis .   i - +∞ Axe of Woe
rCold   x . .      Faith    .   (shield currently unavailable)
rNeg    . . .      Spirit   .   b - +0 leather armour
rPois   ∞          Reflect  .   (no helmet)
rElec   .          Harm     .   (no cloak)
rCorr   .          Rampage  .   (no gloves)
Will    ++...      NoTele   +   (boots unavailable)
Stlth   ++++......              (no amulet)
HPRegen 0.42/turn               (no ring)
MPRegen 0.00/turn               (no ring)

@: flying
A: sickness immunity, fire resistance 2, cold vulnerability 1, float, innate
caster, HP casting, extra vitality 1
a: Renounce Religion, Minor Destruction, Lesser Servant of Makhleb, Major
Destruction, Greater Servant of Makhleb


You were in the Dungeon.
You worshipped Makhleb.
Makhleb was exalted by your worship.
You visited 1 branch

Inventory:

Hand Weapons
 a - a +0 hand axe
 i - the +∞ Axe of Woe (weapon)
   (You found it in the Dungeon)
Missiles
 d - 7 boomerangs of dispersal (quivered)
Armour
 b - a +0 leather armour (worn)
Scrolls
 c - 2 scrolls of blinking
Potions
 e - a potion of curing
 f - a potion of heal wounds
 g - a potion of haste
 h - a potion of berserk rage


   Skills:
 O Level 27 Fighting
 + Level 11.2(13.0) Short Blades
 + Level 10.6(12.7) Long Blades
 O Level 27 Axes
 + Level 9.8(20.8) Maces & Flails
 + Level 9.8(20.8) Polearms
 + Level 10.6(14.1) Staves
 + Level 9.8 Ranged Weapons
 O Level 27 Throwing
 O Level 27 Armour
 O Level 27 Dodging
 + Level 10.6 Stealth
 + Level 11.5 Shields
 + Level 11.5 Unarmed Combat
 O Level 27 Spellcasting
 + Level 11.5 Invocations
 + Level 11.6 Evocations


You had 12 spell levels left.
You knew the following spells:

 Your Spells              Type           Power      Damage    Failure   Level
a - Blink                 Tloc           100%       N/A       0%          2
b - Lesser Beckoning      Tloc           100%       N/A       0%          3
c - Gell's Gravitas       Tloc           100%       N/A       0%          3
d - Teleport Other        Tloc           100%       N/A       0%          3
e - Manifold Assault      Tloc           100%       N/A       0%          5
f - Apportation           Tloc           100%       N/A       0%          1
g - Call Imp              Summ           100%       N/A       0%          2
h - Mephitic Cloud        Conj/Pois/Air  100%       N/A       0%          3
i - Dispel Undead         Necr           100%       3d31      0%          4
j - Metabolic Englaciati  Hex/Ice        50%        N/A       0%          5
k - Irradiate             Conj/Tmut      50%        3d28      0%          5
l - Iron Shot             Conj/Erth      50%        9d10      0%          6
m - Spellforged Servitor  Conj/Summ      50%        N/A       0%          7
n - Starburst             Conj/Fire      50%        6d14      0%          6
o - Discord               Hex            50%        N/A       1%          8
Your spell library was empty.

Dungeon Overview and Level Annotations

Branches:
Dungeon (1/1)

Altars:
Makhleb


Innate Abilities, Weirdness & Mutations

You are immune to sickness and miasma.
You are immune to poison.
Your flesh is very heat resistant. (rF++)
You are vulnerable to cold. (rC-)
You float through the air rather than walking.
You learn spells naturally, not from books.
Your magical power is your life essence.
You have superior vitality. (+4 MHP)


Message History

Casting: Manifold Assault (safe; 0% risk of failure)
Confirm with . or Enter, or press ? or * to list all spells.
Casting: Discord (mildly dangerous; 1% risk of failure)
Press: ? - help, Dir - look around, f - activate Look: a bag of meat, wielding a +9 war axe and wearing a +30 ring of slaying (chance to affect: 98%)
The meat berserker is unaffected.
The destroyer flies into a frenzy!
The bag of meat flies into a frenzy!
The large bag of meat flies into a frenzy!
The bag of meat flies into a frenzy!
You hear a shout! x8
A meat berserker comes into view. It is wielding a +9 battleaxe.
Something hits the bag of meat!!!
The large bag of meat shouts in stereo!
The bag of meat completely misses the meat berserker.
The bag of meat hits something with a +9 war axe!!!
The bag of meat hits something with a +9 war axe!!
The bag of meat completely misses something.
You hear a shout!
The meat berserker is engulfed in blazing flames.
The bag of meat hits the meat berserker with a +9 war axe!!!
You hear a shout!
The destroyer shouts!
You hear two shouts!
You hear a shout!
Unknown command.
Casting: Discord (mildly dangerous; 1% risk of failure)
Confirm with . or Enter, or press ? or * to list all spells.
Space momentarily warps into an impossible shape!
You dice the meat berserker like an onion!!!
You dissect the meat berserker like a pig carcass.
You kill the meat berserker!
Makhleb accepts your kill.
You feel better.
You slash the meat berserker!
You dissect the meat berserker like a pig carcass.
You kill the meat berserker!
Makhleb accepts your kill.
The destroyer appears out of thin air!
A destroyer comes into view. It is wielding a +9 vorpal great sword.
You hear a shout!
The large bag of meat hits you with a +9 giant spiked club!!!!
Ouch! That really hurt!
The large bag of meat hits you with a +9 giant spiked club!!!!
You die...

......... ..§°§o
#.......# )..§§.
#.......# ...)..
.###.. ....###.)o...
.....O###.....).).).
....._............
#.....#O))V...#. .
#_.<._#.@)......
....#.....#))....#.#
......._).)..V.....)
......###.)....)..#.
o###....)).###..)...
#.......# ......
#..)....# ....).
....)..... ......
........... ...


You could see a destroyer, a neutral destroyer (fast, strong, insane), a neutral
large bag of meat (fast, inner flame, strong, insane) and 2 neutral bags of
meat.

Vanquished Creatures
  A vampire knight (D)
  17 ogres (D)
  A two-headed ogre (D)
  24 orcs (D)
43 creatures vanquished.

Notes
Turn   | Place    | Note
-------+----------+-------------------------------------------
     0 | D        | Found the +∞ Axe of Woe
     0 | D        | Ashen the Djinni Warper began the quest for the Orb.
     0 | D        | Ashen set off with the following spells memorised: Blink,
                  | Lesser Beckoning, Gell's Gravitas, Teleport Other, Manifold
                  | Assault.
     0 | D        | Reached XP level 1. HP: 18/18 MP: 0/0
     1 | D        | Noticed a bag of meat
     3 | D        | Became a worshipper of Makhleb the Destroyer
     3 | D        | Noticed a bag of meat
     3 | D        | Noticed a bag of meat
     4 | D        | Noticed a bag of meat
     4 | D        | Noticed a bag of meat
     6 | D        | Killed a bag of meat
     6 | D        | Noticed a bag of meat
     6 | D        | Noticed a bag of meat
     6 | D        | Noticed a meat berserker
     7 | D        | Reached skill level 10 in Spellcasting
     7 | D        | Reached XP level 2. HP: 40/40 MP: 0/0
     7 | D        | Reached XP level 3. HP: 45/45 MP: 0/0
     7 | D        | Learned a level 1 spell: Apportation
     7 | D        | Reached XP level 4. HP: 51/51 MP: 0/0
     7 | D        | Reached XP level 5. HP: 57/57 MP: 0/0
     7 | D        | Learned a level 2 spell: Call Imp
     7 | D        | Reached XP level 6. HP: 63/63 MP: 0/0
     7 | D        | Reached XP level 7. HP: 68/68 MP: 0/0
     7 | D        | Learned a level 3 spell: Mephitic Cloud
     7 | D        | Reached XP level 8. HP: 75/75 MP: 0/0
     7 | D        | Reached XP level 9. HP: 80/80 MP: 0/0
     7 | D        | Learned a level 4 spell: Dispel Undead
     7 | D        | Reached XP level 10. HP: 86/86 MP: 0/0
     7 | D        | Reached XP level 11. HP: 92/92 MP: 0/0
     7 | D        | Learned a level 5 spell: Metabolic Englaciation
     7 | D        | Killed a bag of meat
     7 | D        | Reached * piety under Makhleb
     7 | D        | Noticed a meat berserker
     7 | D        | Noticed a bag of meat
     7 | D        | Noticed a bag of meat
     7 | D        | Noticed a bag of meat
     8 | D        | Reached skill level 15 in Fighting
     8 | D        | Reached XP level 12. HP: 75/103 MP: 0/0
     8 | D        | Killed a bag of meat
     8 | D        | Noticed a bag of meat
     8 | D        | Noticed a bag of meat
     9 | D        | Reached XP level 13. HP: 99/111 MP: 0/0
     9 | D        | Learned a level 5 spell: Irradiate
     9 | D        | Killed a bag of meat
     9 | D        | Killed a bag of meat
     9 | D        | Reached ** piety under Makhleb
     9 | D        | Noticed a meat berserker
    10 | D        | Reached skill level 15 in Axes
    10 | D        | Reached XP level 14. HP: 109/121 MP: 0/0
    10 | D        | Killed a meat berserker
    10 | D        | Noticed a meat berserker
    11 | D        | Reached skill level 15 in Spellcasting
    11 | D        | Killed a meat berserker
    11 | D        | Noticed a meat berserker
    12 | D        | Reached XP level 15. HP: 117/133 MP: 0/0
    12 | D        | Learned a level 6 spell: Iron Shot
    12 | D        | Reached *** piety under Makhleb
    12 | D        | Noticed a meat berserker
    12 | D        | Noticed a meat berserker
    14 | D        | Reached XP level 16. HP: 144/144 MP: 0/0
    15 | D        | Noticed a meat berserker
    15 | D        | Noticed a meat berserker
    15 | D        | Noticed a meat berserker
    17 | D        | Killed a meat berserker
    17 | D        | Reached **** piety under Makhleb
    17 | D        | Killed a meat berserker
    17 | D        | Noticed a meat berserker
    18 | D        | Reached XP level 17. HP: 85/154 MP: 0/0
    18 | D        | Learned a level 7 spell: Spellforged Servitor
    18 | D        | Killed a meat berserker
    18 | D        | Killed a meat berserker
    18 | D        | Noticed a meat berserker
    19 | D        | Reached skill level 27 in Dodging
    19 | D        | Killed a meat berserker
    20 | D        | Reached skill level 27 in Fighting
    20 | D        | Reached XP level 18. HP: 165/167 MP: 0/0
    20 | D        | Killed a meat berserker
    20 | D        | Reached ***** piety under Makhleb
    20 | D        | Killed a meat berserker
    20 | D        | Noticed a meat berserker
    20 | D        | Noticed a meat berserker
    21 | D        | Noticed a destroyer
    21 | D        | Killed a meat berserker
    21 | D        | Noticed a meat berserker
    22 | D        | Reached skill level 27 in Axes
    22 | D        | Reached skill level 27 in Spellcasting
    22 | D        | Reached XP level 19. HP: 174/174 MP: 0/0
    22 | D        | Learned a level 6 spell: Starburst
    22 | D        | Killed a meat berserker
    22 | D        | Killed a destroyer
    22 | D        | Reached ****** piety under Makhleb
    23 | D        | Reached skill level 15 in Throwing
    23 | D        | Reached XP level 20. HP: 181/181 MP: 0/0
    23 | D        | Killed a meat berserker
    24 | D        | Reached skill level 27 in Armour
    24 | D        | Killed a meat berserker
    25 | D        | Reached XP level 21. HP: 187/187 MP: 0/0
    25 | D        | Learned a level 8 spell: Discord
    25 | D        | Killed a meat berserker
    25 | D        | Killed a meat berserker
    26 | D        | Reached skill level 27 in Throwing
    26 | D        | Reached XP level 22. HP: 194/194 MP: 0/0
    26 | D        | Noticed a large bag of meat
    27 | D        | Killed a large bag of meat
    27 | D        | Noticed a meat berserker
    27 | D        | Noticed a destroyer
    27 | D        | Noticed a large bag of meat
    28 | D        | Reached skill level 10 in Long Blades
    28 | D        | Reached skill level 10 in Staves
    28 | D        | Reached skill level 10 in Stealth
    28 | D        | Noticed a meat berserker
    29 | D        | Killed a meat berserker
    29 | D        | Killed a meat berserker
    29 | D        | Mangled by a large bag of meat

Illustrated notes

Levels and vault maps discovered:
D:        meatsprint

Skill      XL: |  1  2  3  4  5  6  7  8  9 10 11 12 13 14 15 16 17 18 19 20 21 22 |
---------------+-------------------------------------------------------------------+-----
Fighting       | 13 15 16 18 21 22 24 27 | 27.0
Axes           | 11 13 14 15 18 19 21 24 27 | 27.0
Dodging        | 14 16 18 20 22 24 26 27 | 27.0
Spellcasting   | 10 12 13 14 16 18 19 22 27 | 27.0
Throwing       | 7 15 26 27 | 27.0
Armour         | 11 23 27 | 27.0
Short Blades   | 11 | 11.2
Long Blades    | 10 | 10.6
Maces & Flails | 9 |  9.8
Polearms       | 9 |  9.8
Staves         | 10 | 10.6
Ranged Weapons | 9 |  9.8
Stealth        | 10 | 10.6
Shields        | 11 | 11.5
Unarmed Combat | 11 | 11.5
Invocations    | 11 | 11.5
Evocations     | 11 | 11.6

Action                   |  1- 3 |  4- 6 |  7- 9 | 10-12 | 13-15 | 16-18 | 19-21 | 22-24 || total
-------------------------+-------+-------+-------+-------+-------+-------+-------+-------++-------
Melee: Executioner's axe |     1 |       |       |     2 |     5 |     5 |    13 |     7 ||    33
 Cast: Manifold Assault  |       |       |       |       |       |       |     3 |     2 ||     5
       Discord           |       |       |       |       |       |       |       |     1 ||     1
Dodge: Dodged            |       |       |       |       |       |     1 |       |       ||     1
